 Dungeon Crawl Stone Soup version 0.30.1-4-g462c640d31 (webtiles) character file.

Game seed: 4726720183087684335

146 shmup the Firebug (level 5, -4/28 HPs)
             Began as a Tengu Fire Elementalist on Aug 11, 2023.
             Killed from afar by Ijyb (21 damage)
             ... with an iceblast
             ... on level 3 of the Dungeon.
             The game lasted 00:09:47 (2842 turns).

shmup the Firebug (Tengu Fire Elementalist)         Turns: 2842, Time: 00:09:48

Health: -4/28      AC:  3    Str:  8    XL:     5   Next: 28%
Magic:  9/9        EV: 14    Int: 18    God:
Gold:   122        SH:  0    Dex: 14    Spells: 5/8 levels left

rFire   . . .        a - +0 dagger
rCold   . . .        (no shield)
rNeg    . . .        l - +0 robe
rPois   .            (helmet restricted)
rElec   .            n - +0 cloak
rCorr   +            (no gloves)
SInv    .            (boots unavailable)
Will    .....        (no amulet)
Stlth   ++           h - ring of resist corrosion
HPRegen 0.24/turn    (no ring)
MPRegen 0.11/turn

%: no passive effects
@: flying quickly and evasively, quick
A: beak, talons 3, nimble flight
a: no special abilities


You were on level 3 of the Dungeon.
You visited 1 branch of the dungeon, and saw 3 of its levels.

You collected 122 gold pieces.

Inventory:

Hand Weapons
 a - a +0 dagger (weapon)
 b - a +1 heavy sling
 m - a +0 dagger of protection
Missiles
 i - 5 poisoned darts (quivered)
 j - 23 stones
Armour
 l - a +0 robe (worn)
 n - a +0 cloak (worn)
Jewellery
 h - a ring of resist corrosion (left hand)
Scrolls
 d - 2 scrolls of identify
 k - a scroll of brand weapon
Potions
 c - 2 potions of degeneration
 e - a potion of might {unknown}
 f - a potion of haste
 g - a potion of magic


   Skills:
 - Level 2.1 Dodging
 - Level 2.0 Stealth
 - Level 2.0 Spellcasting
 + Level 3.7 Conjurations
 * Level 5.6 Fire Magic


You had 5 spell levels left.
You knew the following spells:

 Your Spells              Type           Power      Damage    Failure   Level
a - Foxfire               Conj/Fire      72%        2x1d7     2%          1
b - Scorch                Fire           42%        2d6       2%          2

Your spell library contained the following spells:

 Spells                   Type           Power      Damage    Failure   Level
 Inner Flame              Hex/Fire       11%        N/A       17%         3
 Volatile Blastmotes      Fire/Tloc      22%        2d11      17%         3
 Blink                    Tloc           2%         N/A       26%         2
 Flame Wave               Conj/Fire      18%        2d7       26%         4
 Ozocubu's Armour         Ice            1%         N/A       47%         3
 Manifold Assault         Tloc           1%         N/A       87%         4
 Ozocubu's Refrigeration  Ice            0%         4d7       100%        7
 Storm Form               Tmut/Air       0%         N/A       100%        7


Dungeon Overview and Level Annotations

Branches:
Dungeon (3/15) Zot: 15174

Altars:

Shops:
D:1 :

Annotations:
D:3 2 transporters, 1 runed translucent door, 0gre's ghost, amateur GnIE; Crazy Yiuf; Ijyb


Innate Abilities, Weirdness & Mutations

You have a beak for a mouth.
You have claws for feet.
Your magical nature lets you fly swiftly and evasively.


Message History

You conjure some foxfire!
The foxfire hits the hobgoblin.
You kill the hobgoblin!
Your foxfire dissipates! x2
Found a stone staircase leading down.
A bat is nearby!
A bat is nearby!
A bat is nearby!
Casting: Foxfire (safe; 2% risk of failure)
Confirm with . or Enter, or press ? or * to list all spells.
You conjure some foxfire!
A bat is nearby!
A bat is nearby!
A bat is nearby!
Casting: Foxfire (safe; 2% risk of failure)
Confirm with . or Enter, or press ? or * to list all spells.
You conjure some foxfire!
The foxfire hits the bat but does no damage.
The foxfire hits the bat.
The bat is moderately wounded.
The bat hits you but does no damage.
The foxfire hits the bat.
You kill the bat!
Your foxfire dissipates!
Items here: %%.
Items here: % )).
Found a hammer.
Found a runed translucent door.
Crazy Yiuf shouts!
Ijyb the Twisted Goblin comes into view.
She is wielding a +0 club and carrying a wand of iceblast (15).
Ijyb shouts!
Ijyb zaps a wand.
The mass of ice explodes!
The iceblast engulfs you!
Ouch! That really hurt!
* * * LOW HITPOINT WARNING * * *
Ijyb is nearby!
Ijyb is nearby!
Ijyb is nearby!
Unknown command.
Unknown command.
Ijyb zaps a wand.
The mass of ice explodes!
The iceblast engulfs you!!
Ouch! That really hurt!
You die...

▒...▒▒..▒....%...▒.▒.▒▒▒..▒ ▒...
........▒..........▒.▒▒▒..▒▒▒▒...
.$(:...^▒..▒▒..▒.................
▒▒▒▒▒▒▒▒▒..▒▒......▒.▒.▒▒▒▒▒▒...▒
..^..................▒.▒ ▒▒▒▒▒
...........▒▒▒▒▒....▒▒.▒
.▒▒.▒▒▒▒▒.▒▒ ▒g▒▒.▒▒.▒ .▒▒▒▒ ▒.▒
▒.▒▒.▒▒.▒ .▒ ▒▒▒.▒▒▒ ▒Q......▒ .▒
▒.....▒ ▒▒▒▒▒.▒▒▒▒ .▒ ▒.....▒
▒.......▒ .▒ ▒.....▒ ▒.▒▒▒.▒.▒ ▒▒
▒.....▒ ▒.▒▒.▒..▒ ▒.....▒
▒.▒.▒▒▒.▒ ▒▒▒▒▒▒▒ ▒.▒▒.▒..▒
▒.▒▒▒.▒.▒ ▒.......▒


You could see Ijyb.

Vanquished Creatures
  Jessica (D:3)
  Robin (D:3)
  4 adders
  A worm (D:2)
  4 dart slugs
  8 ball pythons
  6 bats
  5 endoplasms
  A giant cockroach (D:2)
  8 goblins
  9 hobgoblins
  3 kobolds
  5 frilled lizards
  8 rats
64 creatures vanquished.

Vanquished Creatures (others)
  138 foxfires
138 creatures vanquished.

Grand Total: 202 creatures vanquished

Notes
Turn   | Place    | Note
-------+----------+-------------------------------------------
     0 | D:1      | shmup the Tengu Fire Elementalist began the quest for the
                  | Orb.
     0 | D:1      | Reached XP level 1. HP: 10/10 MP: 4/4
   208 | D:1      | Reached XP level 2. HP: 15/15 MP: 3/6
   421 | D:1      | Found Xoequggo's Book Boutique.
   502 | D:1      | Reached skill level 4 in Fire Magic
   921 | D:1      | Reached XP level 3. HP: 19/19 MP: 5/7
  1296 | D:2      | Learned a level 2 spell: Scorch
  1614 | D:2      | Reached XP level 4. HP: 24/24 MP: 6/8
  2118 | D:3      | Reached skill level 5 in Fire Magic
  2171 | D:3      | Found a transporter.
  2239 | D:3      | Found a transporter.
  2241 | D:3      | Noticed 0gre's ghost (amateur GnIE)
  2274 | D:3      | Noticed Jessica
  2276 | D:3      | Killed Jessica
  2352 | D:3      | Gained mutation: Your magical nature lets you fly swiftly
                  | and evasively. [Tengu growth]
  2352 | D:3      | Reached XP level 5. HP: 28/28 MP: 7/9
  2485 | D:3      | Noticed Robin
  2504 | D:3      | Killed Robin
  2780 | D:3      | Found a runed translucent door.
  2781 | D:3      | Noticed Crazy Yiuf
  2816 | D:3      | Noticed Ijyb
  2842 | D:3      | Killed from afar by Ijyb

Illustrated notes

Levels and vault maps discovered:
D:1:      saegor_arrival_simple_a, layout_loops_cross, serial_rivers,
          chequers_serial_rivers_large_a, chequers_serial_rivers_micro_b,
          chequers_serial_rivers_small_3, chequers_serial_rivers_small_a,
          serial_shops, shop, minmay_misc_feat_x
D:2:      layout_loops_cross, minmay_cupped
D:3:      layout_loops_cross, gammafunk_ghost_mausoleum, uniq_ijyb,
          uniq_natasha, uniq_jessica, uniq_crazy_yiuf_cottage, uniq_robin

Skill      XL: |  1  2  3  4 |
---------------+-------------+-----
Conjurations   | 2 3 |  3.7
Fire Magic     | 4 5 |  5.6
Dodging        | |  2.1
Stealth        | |  2.0
Spellcasting   | |  2.0

Action                     |  1- 3 |  4- 6 || total
---------------------------+-------+-------++-------
  Melee: Unarmed           |     2 |       ||     2
         Dagger            |     7 |     2 ||     9
         Kick              |     4 |     1 ||     5
         Punch             |     1 |       ||     1
         Peck              |       |     1 ||     1
   Fire: Sling             |     2 |       ||     2
  Throw: Dart              |       |     1 ||     1
   Cast: Foxfire           |    52 |    35 ||    87
         Scorch            |     2 |     4 ||     6
    Use: Scroll            |     5 |     3 ||     8
 Armour: Robe              |     7 |     3 ||    10
  Dodge: Dodged            |    11 |     7 ||    18
